 Dungeon Crawl Stone Soup version 0.28.0-43-g3370ac3207 (webtiles) character file.

Game seed: 6514609443516133070

98 Ablot the Grasshopper (level 4, -1/38 HPs)
             Began as a Gnoll Warper on Mar 2, 2022.
             Slain by an orc wizard
             ... wielding a +0 dagger
              (4 damage)
             ... on level 3 of the Dungeon.
             The game lasted 00:03:26 (2549 turns).

Ablot the Grasshopper (Gnoll Warper)                Turns: 2549, Time: 00:03:27

Health: -1/38      AC:  4    Str: 13    XL:     4   Next: 69%
Magic:  11/11      EV: 12    Int: 15    God:
Gold:   111        SH:  0    Dex: 11    Spells: 11/13 levels left

rFire   . . .      SeeInvis .   a - +0 spear
rCold   . . .      Faith    .   (no shield)
rNeg    . . .      Spirit   .   b - +0 leather armour
rPois   .          Reflect  .   m - +0 hat {Int+3}
rElec   .          Harm     .   (no cloak)
rCorr   .          Rampage  .   p - +0 pair of gloves
Will    .....                   (no boots)
Stlth   +.........              (no amulet)
HPRegen 0.12/turn               (no ring)
MPRegen 0.12/turn               (no ring)

@: no status effects
A: fangs 1, strong nose, distributed training
a: no special abilities


You were on level 3 of the Dungeon.
You visited 1 branch of the dungeon, and saw 3 of its levels.

You collected 111 gold pieces.

Inventory:

Hand Weapons
 a - a +0 spear (weapon)
Missiles
 d - 5 boomerangs of dispersal (quivered)
 j - 62 stones
 k - 26 bolts
Armour
 b - a +0 leather armour (worn)
 m - a +0 hat of intelligence (worn)
 p - a +0 pair of gloves (worn)
Jewellery
 i - a ring of fire
Scrolls
 c - a scroll of blinking
 e - a scroll of identify {unknown}
 f - a scroll of enchant armour {unknown}
 g - a scroll of teleportation {unknown}
 l - a scroll of holy word {unknown}
 q - a scroll of brand weapon {unknown}
Potions
 h - 2 potions of curing {unknown}
 n - a potion of heal wounds {unknown}
 o - a potion of degeneration {unknown}


   Skills:
 + Level 4.7 Fighting
 + Level 1.2 Short Blades
 + Level 1.2 Long Blades
 + Level 1.2 Axes
 + Level 1.2 Maces & Flails
 + Level 4.7 Polearms
 + Level 1.2 Staves
 + Level 1.2 Slings
 + Level 1.2 Bows
 + Level 1.2 Crossbows
 + Level 2.8 Throwing
 + Level 2.8 Armour
 + Level 4.7 Dodging
 + Level 1.2 Stealth
 + Level 1.2 Shields
 + Level 1.2 Unarmed Combat
 + Level 5.1 Spellcasting
 + Level 1.0 Conjurations
 + Level 1.0 Hexes
 + Level 1.0 Summonings
 + Level 1.0 Necromancy
 + Level 5.5 Translocations
 + Level 1.0 Transmutations
 + Level 1.0 Fire Magic
 + Level 1.0 Ice Magic
 + Level 1.0 Air Magic
 + Level 1.0 Earth Magic
 + Level 1.0 Poison Magic
 + Level 1.3 Invocations
 + Level 1.2 Evocations


You had 11 spell levels left.
You knew the following spells:

 Your Spells              Type           Power      Damage    Failure   Level
a - Blink                 Tloc           40%        N/A       3%          2

Your spell library contained the following spells:

 Spells                   Type           Power      Damage    Failure   Level
 Gell's Gravitas          Tloc           20%        N/A       6%          3
 Lesser Beckoning         Tloc           20%        N/A       6%          3
 Teleport Other           Tloc           20%        N/A       6%          3
 Manifold Assault         Tloc           20%        N/A       52%         5


Dungeon Overview and Level Annotations

Branches:
Dungeon (3/15)

Altars:

Shops:
D:2 [


Innate Abilities, Weirdness & Mutations

You have very sharp teeth.
Your uncanny sense of smell can sniff out nearby items.
Your experience applies equally to all skills.


Message History

There is a stone staircase leading up here.
Unknown command.
The orc wizard gestures at you while chanting.
The magic dart hits you.
The orc wizard gestures wildly while chanting.
The orc wizard flickers and vanishes!
Deactivating autopickup; reactivate with Ctrl-A.
You hit something. Your bite misses something. You hit something.
You hear some strange, mumbled words.
A magic dart appears from out of thin air!
The magic dart hits you!
You closely miss something. Something hits you.
You hit something. Something hits you but does no damage.
You miss something. Your bite misses something.
You hear some strange, mumbled words.
A puff of flame appears from out of thin air!
The puff of flame hits you!
You miss something.
You hear some strange, mumbled words.
You are confused.
Something hits you. Something hits you.
* * * LOW HITPOINT WARNING * * *
You feel less confused. Something completely misses you.
You hit something but do no damage. Your bite misses something.
Something hits you but does no damage.
You closely miss something. You miss something.
You hear some strange, mumbled words.
A magic dart appears from out of thin air!
The magic dart hits you.
* * * LOW HITPOINT WARNING * * *
You miss something. Your bite misses something.
Something hits you but does no damage.
You closely miss something. Something hits you.
* * * LOW HITPOINT WARNING * * *
You miss something. Something hits you.
You die...

... .. #.# . #..
#.# .# #.. #.###.#
#... ##.#...
##...###..#.# #
#.........[)##....
#.........<....#
.#.....@#######
#..##.{...# #.
#...##^.# #....###
.... .....# ####
##... #..# #.. ..#


There were no monsters in sight!

Vanquished Creatures
  Robin (D:3)
  An adder (D:2)
  An adder skeleton (D:2)
  A worm (D:2)
  A dart slug (D:2)
  3 orcs (D:2)
  2 ball pythons
  2 endoplasms (D:1)
  2 giant cockroaches (D:1)
  10 goblins
  8 hobgoblins
  9 jackals
  3 kobolds
  2 quokkas (D:2)
  4 bats
  4 frilled lizards
  6 rats
60 creatures vanquished.

Notes
Turn   | Place    | Note
-------+----------+-------------------------------------------
     0 | D:1      | Ablot the Gnoll Warper began the quest for the Orb.
     0 | D:1      | Reached XP level 1. HP: 20/20 MP: 6/6
   369 | D:1      | Reached XP level 2. HP: 26/26 MP: 7/7
   385 | D:1      | Learned a level 2 spell: Blink
   843 | D:1      | Found a faded altar of an unknown god.
  1017 | D:2      | Found Meygyqim's Antique Armour Boutique.
  1027 | D:2      | Reached skill level 5 in Spellcasting
  1027 | D:2      | Reached XP level 3. HP: 22/31 MP: 7/9
  1251 | D:2      | Reached skill level 1 in Invocations
  1342 | D:2      | Reached skill level 1 in Short Blades
  1342 | D:2      | Reached skill level 1 in Long Blades
  1342 | D:2      | Reached skill level 1 in Axes
  1342 | D:2      | Reached skill level 1 in Maces & Flails
  1342 | D:2      | Reached skill level 1 in Staves
  1342 | D:2      | Reached skill level 1 in Slings
  1342 | D:2      | Reached skill level 1 in Bows
  1342 | D:2      | Reached skill level 1 in Crossbows
  1342 | D:2      | Reached skill level 1 in Stealth
  1342 | D:2      | Reached skill level 1 in Shields
  1342 | D:2      | Reached skill level 1 in Unarmed Combat
  1342 | D:2      | Reached skill level 1 in Evocations
  1477 | D:2      | Reached XP level 4. HP: 35/38 MP: 11/11
  2058 | D:3      | Noticed Robin
  2379 | D:3      | Killed Robin
  2380 | D:3      | Reached skill level 1 in Conjurations
  2380 | D:3      | Reached skill level 1 in Hexes
  2380 | D:3      | Reached skill level 1 in Summonings
  2380 | D:3      | Reached skill level 1 in Necromancy
  2380 | D:3      | Reached skill level 1 in Transmutations
  2380 | D:3      | Reached skill level 1 in Fire Magic
  2380 | D:3      | Reached skill level 1 in Ice Magic
  2380 | D:3      | Reached skill level 1 in Air Magic
  2380 | D:3      | Reached skill level 1 in Earth Magic
  2380 | D:3      | Reached skill level 1 in Poison Magic
  2549 | D:3      | Slain by an orc wizard

Illustrated notes

Levels and vault maps discovered:
D:1:      evilmike_arrival_hilbert_curve, layout_rooms,
          hellmonk_ecumenical_altar_inner_sanctum
D:2:      layout_basic, serial_shops, shop
D:3:      layout_rooms, lemuel_doored_altar, serial_corexii_hall,
          corexii_hall_statues_deadend, corexii_hall_statues_i,
          minmay_tree_intersection, minmay_fountain_box,
          minmay_misc_feat_hallway, uniq_robin

Skill      XL: |  1  2  3  4 |
---------------+-------------+-----
Spellcasting   | 5 |  5.1
Invocations    | 1 |  1.3
Short Blades   | 1 |  1.2
Long Blades    | 1 |  1.2
Axes           | 1 |  1.2
Maces & Flails | 1 |  1.2
Staves         | 1 |  1.2
Slings         | 1 |  1.2
Bows           | 1 |  1.2
Crossbows      | 1 |  1.2
Stealth        | 1 |  1.2
Shields        | 1 |  1.2
Unarmed Combat | 1 |  1.2
Evocations     | 1 |  1.2
Conjurations   | 1 |  1.0
Hexes          | 1 |  1.0
Summonings     | 1 |  1.0
Necromancy     | 1 |  1.0
Transmutations | 1 |  1.0
Fire Magic     | 1 |  1.0
Ice Magic      | 1 |  1.0
Air Magic      | 1 |  1.0
Earth Magic    | 1 |  1.0
Poison Magic   | 1 |  1.0
Fighting       | |  4.7
Polearms       | |  4.7
Throwing       | |  2.8
Armour         | |  2.8
Dodging        | |  4.7
Translocations | |  5.5

Action                   |  1- 3 |  4- 6 || total
-------------------------+-------+-------++-------
Melee: Spear             |   148 |   106 ||   254
       Bite              |    12 |    10 ||    22
       Punch             |     1 |     1 ||     2
 Stab: Sleeping          |     1 |       ||     1
Armor: Leather armour    |    28 |    28 ||    56
Dodge: Dodged            |    81 |    59 ||   140
